 Dungeon Crawl Stone Soup version 0.28.0-43-g3370ac3207 (webtiles) character file.

Game seed: 3804597442171056781

253 graymark the Slasher (level 6, -1/50 (57) HPs)
             Began as a Naga Chaos Knight on Mar 2, 2022.
             Was a Plaything of Xom.
             Slain by a culicivora (glowing shapeshifter) (6 damage)
             ... on level 3 of the Dungeon.
             The game lasted 00:12:08 (3610 turns).

graymark the Slasher (Naga Chaos Knight)            Turns: 3610, Time: 00:12:09

HP:   -1/50 (57)    AC:  9    Str: 15    XL:     6   Next: 14%
MP:   6/6           EV:  9    Int: 12    God:    Xom [..*...]
Gold: 74            SH:  0    Dex:  8    Spells: 5/5 levels left

rFire   + . .      SeeInvis +   a - +0 falchion (chaos)
rCold   . . .      Faith    .   (no shield)
rNeg    . . .      Spirit   .   b - +2 leather armour
rPois   +          Reflect  .   (no helmet)
rElec   .          Harm     .   t - +0 cloak
rCorr   .          Rampage  .   n - +1 pair of gloves
Will    .....                   (no barding)
Stlth   ++........              (no amulet)
HPRegen 0.16/turn               i - ring of protection from fire
MPRegen 0.10/turn               (no ring)

@: heavily drained, unable to read, very slow
A: AC +2, large, see invisible, deformed body, poison resistance, slowness 2,
spit poison 1, naga tail 1, clumsy 2, screaming 1, inability to read while
threatened
a: Spit Poison, Renounce Religion


You were on level 3 of the Dungeon.
You worshipped Xom.
You were a toy of Xom.
You visited 1 branch of the dungeon, and saw 3 of its levels.

You collected 74 gold pieces.

Inventory:

Hand Weapons
 a - a +0 falchion of chaos (weapon)
 m - a +0 hand axe
 s - a +4 quarterstaff of chaos
Missiles
 h - 35 sling bullets
 l - a javelin
 o - 68 stones
Armour
 b - a +2 leather armour (worn)
 n - a +1 pair of gloves (worn)
 t - a +0 cloak (worn)
Jewellery
 i - a ring of protection from fire (left hand)
Scrolls
 g - a scroll of torment {unknown}
 j - a scroll of identify {unknown}
 q - a scroll of immolation {unknown}
Potions
 e - a potion of lignification {unknown}
 f - 2 potions of mutation {unknown}
 k - a potion of might {unknown}
 p - 2 potions of heal wounds {unknown}
 r - a potion of curing {unknown}
 u - a potion of attraction {unknown}


   Skills:
 * Level 4.0 Fighting
 * Level 4.0 Long Blades
 * Level 2.7 Armour
 * Level 2.1 Dodging
 + Level 3.5 Stealth


You had 5 spell levels left.
You didn't know any spells.
Your spell library contained the following spells:

 Spells                   Type           Power      Damage    Failure   Level
 Conjure Flame            Conj/Fire      0%         6-21      77%         3
 Ignite Poison            Fire/Tmut/Pois 0%         N/A       77%         3
 Sticky Flame             Conj/Fire      0%         2d3       99%         4


Dungeon Overview and Level Annotations

Branches:
Dungeon (3/15)

Altars:
Makhleb

Annotations:
D:3 1 runed translucent door


Innate Abilities, Weirdness & Mutations

Your serpentine skin is tough. (AC +2)
You have supernaturally acute eyesight. (SInv)
Armour fits poorly on your strangely shaped body.
Your system is resistant to poisons. (rPois)
You cover ground very slowly.
You can spit poison.
You have a snake-like lower body.
You are very clumsy. (Dex -4)
You occasionally shout uncontrollably at your foes.
You sometimes lose the ability to read scrolls when taking damage.


Message History

You feel threatened and lose the ability to read scrolls!
You hit the queen bee but do no damage. You drain the queen bee.
The queen bee is lightly wounded.
The queen bee stings you.
You are poisoned.
The queen bee poisons you!
You hit the queen bee but do no damage.
The queen bee is lightly wounded.
You feel very sick.
The queen bee changes into an unseen horror!
You barely miss the unseen horror.
You feel sick.
The unseen horror hits you but does no damage.
You can read scrolls again.
You feel sick. The unseen horror closely misses you.
You closely miss the unseen horror.
You feel sick.
The unseen horror changes into a raiju!
You closely miss the raiju.
You feel sick.
The raiju changes into a wind drake!
You hit the wind drake.
The wind drake is poisoned.
The wind drake is lightly wounded.
You feel sick.
The wind drake changes into a culicivora!
You slash the culicivora! You freeze the culicivora.
The culicivora is moderately wounded.
You feel sick. The culicivora bites you!
You feel threatened and lose the ability to read scrolls!
* * * LOW HITPOINT WARNING * * *
The culicivora draws strength from your injuries!
You barely miss the culicivora.
The culicivora is moderately wounded.
You feel sick.
You are no longer poisoned.
The culicivora bites you.
* * * LOW HITPOINT WARNING * * *
The culicivora draws strength from your injuries!
The culicivora bites you but does no damage.
You slash the culicivora!
Space warps around the culicivora.
The culicivora is heavily wounded.
The culicivora bites you.
You die...
Xom snickers!

#.#.†...........................
##.##................≈.≈≈≈.≈.....
....'..>.............≈.....≈.....
....#................≈.._..≈.....
....#................≈.....≈.....
....#................≈.≈≈≈.≈.....
....#............................
....##...######..s...≈≈≈≈≈≈≈.....
................@................
.............##..................
.............##.....###########..
.............##.....#≈≈≈≈≈≈≈≈≈#..
.............##.....+≈≈≈≈[≈≈W≈'..
.............##.....#≈≈≈≈≈≈≈r≈#..
###..........##.....###########..
#..........##..................
#..........#................W..


You could see a culicivora shaped shifter.

Vanquished Creatures
  A scorpion (D:2)
  Crazy Yiuf (D:2)
  8 gnolls
  3 adders
  A worm (D:2)
  A dart slug (D:3)
  5 bats
  4 endoplasms
  3 giant cockroaches
  4 goblins
  7 hobgoblins
  8 kobolds
  4 quokkas
  3 ball pythons (D:1)
  2 frilled lizards
  4 rats
59 creatures vanquished.

Vanquished Creatures (others)
  The ghost of banana55725 the Skirmisher, a weakling MiFi of Lugonu (D:3)
1 creature vanquished.

Grand Total: 60 creatures vanquished

Notes
Turn   | Place    | Note
-------+----------+-------------------------------------------
     0 | D:1      | graymark the Naga Chaos Knight began the quest for the Orb.
     0 | D:1      | Reached XP level 1. HP: 21/21 MP: 1/1
   292 | D:1      | Reached skill level 1 in Dodging
   292 | D:1      | Reached XP level 2. HP: 28/28 MP: 2/2
   295 | D:1      | Reached skill level 1 in Stealth
   431 | D:1      | XOM: god gift: 21 gold pieces
   597 | D:1      | Reached XP level 3. HP: 34/34 MP: 3/3
  1053 | D:1      | XOM: snakes to sticks
  1321 | D:2      | Noticed a scorpion
  1325 | D:2      | Killed a scorpion
  1326 | D:2      | Reached XP level 4. HP: 30/42 MP: 4/4
  1503 | D:2      | Found a runed translucent door.
  1504 | D:2      | Noticed Crazy Yiuf
  1591 | D:2      | Found a faded altar of an unknown god.
  1598 | D:2      | XOM: smoke on damage
  1782 | D:2      | Reached XP level 5. HP: 45/49 MP: 5/5
  2004 | D:2      | Killed Crazy Yiuf
  2162 | D:3      | Found a burning altar of Makhleb.
  2162 | D:3      | Found a runed translucent door.
  2443 | D:3      | XOM: swap monsters
  2719 | D:3      | Found a runed translucent door.
  2835 | D:3      | XOM: enchant monster (bad)
  2846 | D:2      | Reached XP level 6. HP: 15/57 MP: 6/6
  3185 | D:3      | XOM: draining
  3272 | D:3      | Noticed banana55725's ghost (weakling MiFi)
  3274 | D:3      | XOM: confuse monster(s)
  3282 | D:3      | XOM: polymorph river rat -> killer bee
  3286 | D:3      | XOM: polymorph killer bee -> jelly
  3287 | D:3      | XOM: enchant monster (good)
  3290 | D:3      | Noticed a glowing shapeshifter
  3290 | D:3      | a jelly changed into a glowing shapeshifter
  3290 | D:3      | Noticed a deep troll
  3290 | D:3      | a glowing shapeshifter changed into a deep troll
  3294 | D:3      | Noticed a wolf spider
  3294 | D:3      | a deep troll changed into a wolf spider
  3305 | D:3      | Your ally banana55725's ghost died
  3537 | D:3      | XOM: give mutations
  3537 | D:3      | Gained mutation: You are clumsy. (Dex -2) [Xom's mischief]
  3537 | D:3      | Gained mutation: You sometimes lose the ability to read
                  | scrolls when taking damage. [Xom's mischief]
  3537 | D:3      | Gained mutation: You occasionally shout uncontrollably at
                  | your foes. [Xom's mischief]
  3537 | D:3      | Gained mutation: You are very clumsy. (Dex -4) [Xom's
                  | mischief]
  3581 | D:3      | Noticed a spriggan
  3585 | D:3      | Noticed a hornet
  3585 | D:3      | a spriggan changed into a hornet
  3586 | D:3      | Noticed a blink frog
  3586 | D:3      | a hornet changed into a blink frog
  3588 | D:3      | Noticed a naga
  3588 | D:3      | a blink frog changed into a naga
  3592 | D:3      | Noticed a rime drake
  3592 | D:3      | a naga changed into a rime drake
  3593 | D:3      | Noticed a queen bee
  3593 | D:3      | a rime drake changed into a queen bee
  3594 | D:3      | XOM: divination: detect items
  3602 | D:3      | Noticed an unseen horror
  3602 | D:3      | a queen bee changed into an unseen horror
  3605 | D:3      | Noticed a raiju
  3605 | D:3      | an unseen horror changed into a raiju
  3606 | D:3      | Noticed a wind drake
  3606 | D:3      | a raiju changed into a wind drake
  3607 | D:3      | Noticed a culicivora
  3607 | D:3      | a wind drake changed into a culicivora
  3610 | D:3      | Slain by a culicivora (glowing shapeshifter)

Illustrated notes

Levels and vault maps discovered:
D:1:      dpeg_arrival_round_b, layout_loops_ring
D:2:      layout_rooms, ebering_ecumenical_altar_petrified,
          uniq_crazy_yiuf_cottage
D:3:      layout_basic, mainiacjoe_overflow_cross_hatched, ebering_ghost_sewer_f

Skill      XL: |  1  2  3  4  5  6 |
---------------+-------------------+-----
Dodging        | 1 2 |  2.1
Stealth        | 1 2 3 |  3.5
Armour         | 2 |  2.7
Long Blades    | 4 |  4.0
Fighting       | 4 |  4.0

Action                   |  1- 3 |  4- 6 || total
-------------------------+-------+-------++-------
Melee: Falchion          |    86 |   110 ||   196
       Punch             |     1 |       ||     1
  Use: Scroll            |       |     2 ||     2
 Stab: Sleeping          |     1 |       ||     1
Armor: Leather armour    |    50 |    44 ||    94
Dodge: Dodged            |    53 |    65 ||   118
